 Dungeon Crawl Stone Soup version 0.18-a0-1186-gd02dc51 (webtiles) character file.

113295 Leszczynek the Bludgeoner (level 16, -5/146 HPs)
             Began as a Naga Wizard on Jan 28, 2016.
             Was the Champion of Nemelex Xobeh.
             Hit by a large rock thrown by a cyclops (33 damage)
             ... on level 14 of the Dungeon on Jan 29, 2016.
             The game lasted 03:01:35 (39710 turns).

Leszczynek the Bludgeoner (Naga Wizard)            Turns: 39710, Time: 03:01:35

Health: -5/146     AC: 22    Str: 19    XL:     16   Next: 62%
Magic:  20/28      EV:  9    Int: 20    God:    Nemelex Xobeh [******]
Gold:   1601       SH:  5    Dex: 15    Spells: 7 memorised, 12 levels left

rFire  + + .     SeeInvis +     a - +9 morningstar (drain)
rCold  + . .     Gourm    +     V - +2 ring mail {rF+}
rNeg   . . .     Faith    .     Z - +0 buckler
rPois  +         Spirit   .     H - +0 helmet
rElec  +         Dismiss  .     i - +0 cloak
rCorr  +         Reflect  .     y - +1 pair of gloves {archery}
SustAt .         Harm     .     J - +1 naga barding
MR     +++..                    M - amulet of the gourmand
Stlth  ++........               z - ring of protection from magic
                                e - ring "Ezxycrux" {+Fly rPois Str+5 Dex+4}

@: resistant, hasted, quick, extremely resistant to hostile enchantments,
unstealthy
A: see invisible, deformed body, poison resistance, slowness 2, slow metabolism
1, spit poison 2, wild magic 1, constrict 1, AC +5
a: Spit Poison, Triple Draw, Deal Four, Stack Five, Renounce Religion, Evoke
Flight


You were on level 14 of the Dungeon.
You worshipped Nemelex Xobeh.
Nemelex Xobeh was exalted by your worship.
You were completely stuffed.

You visited 4 branches of the dungeon, and saw 25 of its levels.
You also visited: Sewer and Volcano.

You collected 2077 gold pieces.
You spent 476 gold pieces at shops.

Inventory:

Hand Weapons
 a - a +9 morningstar of draining (weapon)
Armour
 i - a +0 cloak (worn)
 y - a +1 pair of gloves of archery (worn)
 H - a +0 helmet (worn)
 J - a +1 naga barding (worn)
 V - a +2 ring mail of fire resistance (worn)
 Z - a +0 buckler (worn)
Rods
 b - a +3 rod of ignition (13/13)
   (You found it on level 8 of the Lair of Beasts)
Jewellery
 e - the ring "Ezxycrux" (left hand) {+Fly rPois Str+5 Dex+4}
   (You found it on level 8 of the Lair of Beasts)

   [ring of strength]

   It affects your strength (+5).
   It affects your dexterity (+4).
   It protects you from poison.
   It lets you fly.
 z - a ring of protection from magic (right hand)
 M - an amulet of the gourmand (around neck)
Wands
 l - a wand of confusion (7/48)
 K - a wand of paralysis (5/24)
Scrolls
 d - a scroll of magic mapping
 s - 2 scrolls of fear
 t - 8 scrolls of remove curse
 D - 3 scrolls of fog
 G - 5 scrolls of recharging
 L - a scroll of enchant weapon
 N - 4 scrolls of identify
Potions
 j - 4 potions of brilliance
 k - 4 potions of haste
 o - 8 potions of curing
 q - 8 potions of might
 w - a potion of cancellation
 E - 2 potions of magic
 R - 3 potions of agility
 U - a potion of resistance
 Y - 4 potions of flight
Miscellaneous
 c - a legendary deck of destruction
 f - a plain deck of escape
 g - a legendary deck of war
 h - a legendary deck of escape {drawn: 4}
 m - a legendary deck of destruction
 n - a sack of spiders {used: 2}
 r - a legendary deck of escape
 u - a phial of floods
 v - a disc of storms
 x - an ornate deck of destruction {drawn: 3}
 A - a legendary deck of war
 C - a legendary deck of war
 F - an ornate deck of war {drawn: 2}
 I - an ornate deck of war
 O - a legendary deck of war
 P - a legendary deck of destruction
 Q - an ornate deck of defence {drawn: 1}
 S - a legendary deck of destruction
 T - a legendary deck of war
 X - an ornate deck of war
Comestibles
 p - 6 royal jellies
 B - 6 fruits
 W - 4 chunks of flesh


   Skills:
 - Level 10.2 Fighting
 - Level 16.2 Maces & Flails
 + Level 7.3 Armour
 - Level 4.2 Dodging
 - Level 4.0 Stealth
 - Level 4.0 Shields
 - Level 8.0 Spellcasting
 - Level 5.5 Conjurations
 - Level 1.0 Summonings
   Level 1.0 Translocations
 - Level 2.0 Transmutations
 - Level 5.1 Fire Magic
 - Level 6.2 Ice Magic
 - Level 2.0 Air Magic
 - Level 9.2 Poison Magic
 - Level 12.0 Evocations


You had 12 spell levels left.
You knew the following spells:

 Your Spells              Type           Power        Failure   Level  Hunger
a - Magic Dart            Conj           ####         4%          1    None
b - Call Imp              Summ           ###.....     26%         2    None
c - Mephitic Cloud        Conj/Pois/Air  #####...     11%         3    None
d - Repel Missiles        Chrm/Air       ###...       26%         2    None
e - Iskenderun's Mystic   Conj           #####...     26%         4    ###....
f - Condensation Shield   Ice            #####.....   22%         4    ###....
x - Ignite Poison         Fire/Trmt/Pois #####...     13%         3    None


Dungeon Overview and Level Annotations

Branches:
Dungeon (14/15)            Temple (1/1) D:4            Lair (8/8) D:8
  Swamp (0/4) Lair:4        Snake (0/4) Lair:3        Slime (0/6) Lair:6
    Orc (2/2) D:10            Elf (0/3) Orc:2        Vaults (0/5) D:14

Altars:
Ashenzari
Cheibriados
Dithmenos
Elyvilon
Fedhas
Gozag
Kikubaaqudgha
Makhleb
Nemelex Xobeh
Okawaru
Pakellas
Ru
Sif Muna
Trog
Vehumet
Xom
Yredelemnul
Zin
The Shining One
Beogh
Jiyva

Shops:
D:4 [*   D:6 (   D:12 }   Orc:2 =*([

Annotations:
D:3 exclusion: 3 gnolls
D:13 exclusion: oklob sapling
Lair:3 exclusion: downstairs
Lair:5 exclusion: oklob plant


Innate Abilities, Weirdness & Mutations

You cannot wear boots.
Your serpentine skin is tough (AC +5).
You have supernaturally acute eyesight.
Armour fits poorly on your strangely shaped body.
Your system is resistant to poisons.
You cover ground very slowly.
You have a slow metabolism.
You can spit poison.
You can use your snake-like lower body to constrict enemies.
Your spells are a little harder to cast, but a little more powerful.


Message History

Your polar bear barely misses the frost giant.
Your polar bear claws the frost giant.
Your wind drake exhales a fierce blast of wind!
Your wind drake summons a great blast of wind!
You lose your grip on the sun demon.
The monsters around you are blown away!
The crocodile bites your molten gargoyle!
The crimson imp blinks!
Your molten gargoyle hits the crocodile with a mace.
The crocodile is engulfed in flames!
The crocodile dies!
Drink which item? (? for menu, Esc to quit)
You feel yourself speed up.
The frost giant gestures at you while chanting.
The bolt of cold hits you! You resist.
* * * LOW HITPOINT WARNING * * *
The cyclops throws a large rock.
Your wind drake deflects the large rock!
The large rock hits you!!
You die...
Your body glows with a rainbow of weird colours and disappears.

##.## ##.##D...#.# ##...##
##...##§....# #.....#
#.....#.)...#
####.....#####....§##†.K.#
....................yC...#
......###........5h...####
......####...........##
#####............kC..#
#######.....@..D.#
#......9.B.# #......B†3.#
#...<.###..# #....(# #..#
#.....# ..# #...... ..#
#....... ###


You could see a frost giant, a six-headed hydra, a sun demon, a cyclops, a
kobold demonologist, a vampire mosquito, a crimson imp, 2 friendly boulder
beetles, a friendly wind drake, a friendly polar bear and a friendly molten
gargoyle.

Vanquished Creatures
  Maud (D:13)
  An orc warlord (Orc:2)
  A dire elephant (Lair:8)
  Harold (Lair:1)
  Erolcha (D:12)
  11 hydras
  A catoblepas (Lair:8)
  Fannar (D:12)
  2 dancing weapons (D:14)
  A death knight (D:14)
  2 tengu warriors (D:13)
  2 centaur warriors (D:13)
  17 death yaks
  A deep troll shaman (Lair:8)
  Urug (D:12)
  5 orc high priests
  A slime creature (D:13)
  A fire crab (Lair:8)
  2 unseen horrors
  5 hill giants
  A skeletal warrior (D:14)
  A phantasmal warrior (D:14)
  4 orc sorcerers (Orc:2)
  2 deep elf magi
  A cyclops (D:12)
  2 orc knights (Orc:1)
  An ugly thing (D:13)
  2 manticores
  A griffon (D:14)
  32 elephants
  A centaur zombie (D:10)
  An eye of devastation (Orc:2)
  5 black mambas
  14 spiny frogs
  A molten gargoyle (Lair:6)
  A torpor snail (Lair:7)
  2 centaur skeletons
  6 gargoyles
  14 komodo dragons
  3 kobold demonologists
  2 efreet
  A tengu conjurer (D:14)
  5 fire drakes
  A freezing wraith (D:14)
  A queen bee (D:9)
  6 trolls
  A giant leech (Lair:4)
  3 polar bears
  A wind drake (Orc:2)
  3 two-headed ogres
  10 blink frogs
  68 yaks
  4 fire bats (Lair:6)
  A wraith (D:14)
  9 hippogriffs
  7 vampire mosquitoes
  A basilisk (Lair:5)
  A hungry ghost (D:13)
  A mottled dragon (D:14)
  3 nagas (Lair:3)
  15 wolves
  A soldier ant (D:13)
  3 wargs (Orc:1)
  20 water moccasins
  33 orc warriors
  18 porcupines
  3 sky beasts
  4 ice beasts
  5 black bears
  2 necrophages
  2 phantoms
  An eye of draining (D:12)
  14 ogres
  23 centaurs
  26 crocodiles
  25 giant frogs
  4 big kobolds
  A wyvern zombie (D:12)
  A wyvern skeleton (D:10)
  5 scorpions
  20 killer bees
  17 wights
  3 electric eels
  2 crimson imps (D:5)
  13 jellies
  A lava snake (Lair:6)
  2 quasits
  A gnoll shaman (Orc:2)
  A wasp zombie (D:12)
  A giant frog skeleton (D:12)
  3 giant frog zombies
  15 orc priests
  9 hounds
  25 orc wizards
  16 iguanas
  12 hell rats (Lair:1)
  5 worker ants
  A killer bee zombie (D:11)
  7 sheep
  A worker ant zombie (D:10)
  13 gnolls
  18 adders
  73 river rats
  4 shadow imps
  14 oozes
  5 worms
  9 giant geckos
  81 orcs
  17 ball pythons
  11 giant cockroaches
  7 goblins
  5 hobgoblins
  14 jackals
  3 quokkas
  6 bats
  A giant gecko zombie (D:8)
  5 giant newts
  A jackal zombie (D:4)
  26 kobolds
  40 rats
  5 fungi
1001 creatures vanquished.

Vanquished Creatures (collateral kills)
  2 hydras
  5 death yaks
  A hill giant (D:7)
  2 orc sorcerers (Orc:2)
  A komodo dragon (D:8)
  A troll (D:5)
  A two-headed ogre (D:8)
  A snapping turtle (Orc:2)
  4 wolves (Lair:3)
  A hungry ghost (D:9)
  A warg (Orc:2)
  2 orc warriors (D:10)
  A phantom (D:8)
  An ogre (D:4)
  A centaur (D:9)
  A crocodile (D:14)
  2 giant frogs
  4 killer bees (D:9)
  7 wights
  A hound (D:6)
  A worker ant (D:5)
  3 adders
  2 gnolls (Orc:2)
  2 river rats (Sewer)
  A shadow imp (D:9)
  An ooze (D:3)
  A giant gecko (D:1)
  4 orcs
  2 goblins (Orc:2)
  A hobgoblin (D:4)
  8 kobolds
  A giant newt (Sewer)
  3 rats
  A plant (D:8)
71 creatures vanquished.

Vanquished Creatures (others)
  A hippogriff (D:14)
  An orc priest (Orc:2)
  A hell rat (Lair:1)
  3 bushes
  110 fungi
  33 plants
149 creatures vanquished.

Grand Total: 1221 creatures vanquished

Notes
Turn   | Place    | Note
--------------------------------------------------------------
     0 | D:1      | Leszczynek the Naga Wizard began the quest for the Orb.
     0 | D:1      | Reached XP level 1. HP: 15/15 MP: 4/4
   398 | D:1      | Reached XP level 2. HP: 20/22 MP: 1/6
   402 | D:1      | Learned a level 2 spell: Call Imp
   849 | D:1      | Found a sparkling altar of Nemelex Xobeh.
   861 | D:1      | Became a worshipper of Nemelex Xobeh the Trickster
   883 | D:1      | Received a gift from Nemelex Xobeh
  1102 | D:2      | Reached XP level 3. HP: 26/28 MP: 2/7
  1228 | D:2      | Learned a level 3 spell: Mephitic Cloud
  1326 | D:2      | Reached skill level 1 in Evocations
  1684 | D:2      | Received a gift from Nemelex Xobeh
  1752 | D:2      | Reached skill level 4 in Stealth
  1752 | D:2      | Reached skill level 1 in Poison Magic
  1752 | D:2      | Reached XP level 4. HP: 30/36 MP: 2/8
  2242 | D:3      | Reached * piety under Nemelex Xobeh
  2285 | D:3      | Found a faded altar to an unknown god.
  2325 | D:3      | Reached XP level 5. HP: 30/42 MP: 2/9
  3202 | D:4      | Found Nepoe's Antique Armour Boutique.
  3210 | D:4      | Bought a pair of glowing gloves for 112 gold pieces
  3286 | D:4      | Reached XP level 6. HP: 44/49 MP: 10/10
  3619 | D:4      | Found a shadowy altar of Dithmenos.
  3869 | D:4      | Found Kiattyst's Assorted Antiques.
  3888 | D:4      | Bought a scroll labeled UMEFARE VE YBU for 27 gold pieces
  3935 | D:4      | Received a gift from Nemelex Xobeh
  3990 | D:4      | Found a staircase to the Ecumenical Temple.
  4009 | D:4      | Reached skill level 5 in Evocations
  4009 | D:4      | Reached XP level 7. HP: 55/55 MP: 6/11
  4226 | Temple   | Entered the Ecumenical Temple
  4287 | D:5      | Entered Level 5 of the Dungeon
  4314 | D:5      | Reached skill level 1 in Air Magic
  4334 | D:5      | Learned a level 2 spell: Repel Missiles
  4496 | D:5      | Found a glowing drain.
  4601 | Sewer    | Entered a sewer
  4859 | Sewer    | Reached skill level 6 in Evocations
  5467 | Sewer    | Reached skill level 1 in Fighting
  5472 | Sewer    | Reached XP level 8. HP: 23/64 MP: 6/12
  5845 | D:5      | Received a gift from Nemelex Xobeh
  5850 | D:5      | Noticed a troll
  6110 | D:5      | Killed a troll
  6360 | D:5      | Reached skill level 7 in Evocations
  6362 | D:5      | Found a bloodstained altar of Trog.
  6848 | D:5      | Reached skill level 5 in Poison Magic
  7163 | D:6      | Reached skill level 1 in Maces & Flails
  7384 | D:6      | Found a glowing silver altar of Zin.
  7384 | D:6      | Found a white marble altar of Elyvilon.
  7384 | D:6      | Found a glowing golden altar of the Shining One.
  7405 | D:6      | Reached ** piety under Nemelex Xobeh
  7409 | D:6      | Found Adghol's Antique Weapon Shop.
  7424 | D:6      | Bought a glowing morningstar for 100 gold pieces
  8094 | D:7      | Reached XP level 9. HP: 69/75 MP: 14/14
  8340 | D:8      | Noticed a hill giant
  8343 | D:8      | Reached skill level 8 in Evocations
  8361 | D:7      | HP: 1/75 [hill giant/giant spiked club (41)]
  9063 | D:7      | Killed a hill giant
  9063 | D:7      | Reached skill level 5 in Maces & Flails
  9366 | D:8      | Reached skill level 9 in Evocations
  9389 | D:8      | Got a brightly glowing robe
  9390 | D:8      | Identified the +1 robe of Hedge Wizardry {rPois rF+++ Int+4 Dex-5} (You found it on level 8 of the Dungeon)
  9459 | D:8      | Received a gift from Nemelex Xobeh
  9488 | D:8      | Found a staircase to the Lair.
  9489 | D:8      | Noticed a komodo dragon
  9532 | D:8      | Killed a komodo dragon
  9618 | Lair:1   | Entered Level 1 of the Lair of Beasts
  9661 | D:8      | Reached *** piety under Nemelex Xobeh
  9789 | D:8      | Reached XP level 10. HP: 71/84 MP: 11/16
 10042 | D:8      | Received a gift from Nemelex Xobeh
 11061 | D:9      | Found a basalt altar of Yredelemnul.
 12601 | D:9      | Received a gift from Nemelex Xobeh
 12652 | D:9      | Reached skill level 10 in Evocations
 12956 | D:9      | Learned a level 4 spell: Iskenderun's Mystic Blast
 12997 | D:10     | Entered Level 10 of the Dungeon
 13444 | D:10     | Found a staircase to the Orcish Mines.
 13485 | D:10     | Reached XP level 11. HP: 78/90 MP: 13/18
 13699 | D:10     | Reached skill level 5 in Conjurations
 13845 | D:10     | Noticed a hill giant
 13879 | D:10     | Killed a hill giant
 13879 | D:10     | Reached skill level 10 in Maces & Flails
 14792 | D:10     | Reached **** piety under Nemelex Xobeh
 15737 | D:10     | Found a roughly hewn altar of Beogh.
 16316 | D:11     | Reached skill level 5 in Fighting
 16431 | D:11     | Noticed a manticore
 16444 | D:11     | Killed a manticore
 16444 | D:11     | Reached skill level 11 in Maces & Flails
 16884 | D:11     | Noticed a cyan ugly thing
 18010 | D:4      | Bought a translucent chain mail for 237 gold pieces
 18011 | D:4      | Identified the cursed +1 chain mail of Vurch {Int+3} (You bought it in a shop on level 4 of the Dungeon)
 18233 | Lair:1   | Reached XP level 12. HP: 105/105 MP: 19/19
 18237 | Lair:1   | Received a gift from Nemelex Xobeh
 18267 | Lair:1   | Received a gift from Nemelex Xobeh
 18292 | Lair:1   | Reached skill level 12 in Maces & Flails
 18304 | Lair:1   | Reached skill level 1 in Armour
 18565 | Lair:1   | Noticed Harold
 18587 | Lair:1   | Killed Harold
 18587 | Lair:1   | Reached skill level 1 in Shields
 18587 | Lair:1   | Reached skill level 5 in Spellcasting
 19120 | Lair:1   | Reached ***** piety under Nemelex Xobeh
 19692 | Lair:1   | Noticed an eight-headed hydra
 19773 | Lair:1   | Killed an eight-headed hydra
 20045 | Lair:2   | Received a gift from Nemelex Xobeh
 20406 | Lair:2   | Learned a level 4 spell: Condensation Shield
 20425 | Lair:2   | Learned a level 3 spell: Ignite Poison
 20522 | Lair:2   | Reached skill level 1 in Fire Magic
 20717 | Lair:2   | Reached skill level 1 in Transmutations
 21347 | Lair:2   | Noticed a seven-headed hydra
 21404 | Lair:2   | Noticed a four-headed hydra
 21411 | Lair:2   | Killed a four-headed hydra
 21411 | Lair:2   | Reached skill level 1 in Ice Magic
 21675 | Lair:2   | Received a gift from Nemelex Xobeh
 22212 | Lair:2   | Gained mutation: You can use your snake-like lower body to constrict enemies. [Naga growth]
 22212 | Lair:2   | Reached XP level 13. HP: 17/111 MP: 14/21
 22593 | Lair:3   | Received a gift from Nemelex Xobeh
 22649 | Lair:3   | Found a dark tunnel.
 22654 | Lair:3   | Reached skill level 13 in Maces & Flails
 22660 | Volcano  | Entered a volcano
 24412 | Lair:2   | Reached skill level 14 in Maces & Flails
 24780 | Lair:3   | Found a staircase to the Snake Pit.
 25705 | Lair:3   | Reached XP level 14. HP: 115/120 MP: 3/26
 27232 | Lair:4   | Found a staircase to the Swamp.
 27477 | Lair:5   | Received a gift from Nemelex Xobeh
 27582 | Lair:5   | Reached skill level 5 in Ice Magic
 28289 | Lair:5   | Reached ****** piety under Nemelex Xobeh
 28289 | Lair:5   | Received a gift from Nemelex Xobeh
 29127 | Lair:6   | Received a gift from Nemelex Xobeh
 29135 | Lair:6   | XOM: enchant monster (good)
 29145 | Lair:6   | Found a viscous altar of Jiyva.
 29145 | Lair:6   | Found a staircase to the Slime Pits.
 30101 | Lair:7   | Received a gift from Nemelex Xobeh
 30151 | Lair:7   | Gained mutation: Your spells are a little harder to cast, but a little more powerful. [potion of beneficial mutation]
 30778 | Lair:8   | Entered Level 8 of the Lair of Beasts
 30806 | Lair:8   | Received a gift from Nemelex Xobeh
 31308 | Lair:8   | Reached XP level 15. HP: 123/129 MP: 27/27
 31488 | Lair:8   | Reached skill level 5 in Fire Magic
 31834 | Lair:8   | Got a bloodstained rapier
 31869 | Lair:8   | Identified the +9 rapier of Painful Death {freeze, *Confuse Int+4 Dex+5} (You found it on level 8 of the Lair of Beasts)
 31969 | Lair:8   | Received a gift from Nemelex Xobeh
 32167 | Lair:8   | Reached skill level 15 in Maces & Flails
 32556 | Lair:8   | Got a polished leather armour
 32557 | Lair:8   | Identified the cursed +1 leather armour of the Farrier {Str+2} (You found it on level 8 of the Lair of Beasts)
 33323 | Lair:8   | Got a clouded turquoise ring
 33324 | Lair:8   | Identified the ring "Ezxycrux" {+Fly rPois Str+5 Dex+4} (You found it on level 8 of the Lair of Beasts)
 33333 | Lair:8   | Identified a +2 rod of ignition (11/11) (You found it on level 8 of the Lair of Beasts)
 33427 | Lair:8   | Received a gift from Nemelex Xobeh
 33834 | Orc:1    | Entered Level 1 of the Orcish Mines
 34267 | Orc:1    | Found a bloodstained altar of Trog.
 34384 | Orc:2    | Entered Level 2 of the Orcish Mines
 34433 | Orc:2    | Found Betzit's Jewellery Boutique.
 34716 | Orc:2    | Received a gift from Nemelex Xobeh
 34833 | Orc:2    | Noticed an orc warlord
 34840 | Orc:2    | Reached skill level 16 in Maces & Flails
 34845 | Orc:2    | Killed an orc warlord
 35306 | Orc:2    | Found Naj Uciun's General Store.
 35402 | Orc:2    | Received a gift from Nemelex Xobeh
 35660 | Orc:2    | Found a staircase to the Elven Halls.
 35685 | Orc:2    | Found Lidden's Antique Weapon Emporium.
 35738 | Orc:2    | Found Xyrphugaa's Antique Armour Emporium.
 36166 | Orc:1    | Received a gift from Nemelex Xobeh
 36550 | D:12     | Reached XP level 16. HP: 140/144 MP: 28/28
 36731 | D:12     | Found Vaugedes's Gadget Boutique.
 36813 | D:12     | Noticed Fannar
 36839 | D:12     | Killed Fannar
 37152 | D:12     | Noticed Erolcha
 37168 | D:12     | Noticed Urug
 37179 | D:12     | Killed Urug
 37179 | D:12     | Reached skill level 10 in Fighting
 37184 | D:12     | Killed Erolcha
 37323 | D:12     | Found a shadowy altar of Dithmenos.
 37348 | D:12     | Received a gift from Nemelex Xobeh
 37555 | D:13     | Noticed Maud
 37582 | D:13     | Killed Maud
 37863 | D:13     | Reached skill level 5 in Armour
 38186 | D:13     | Received a gift from Nemelex Xobeh
 38651 | D:13     | Found a shimmering altar of Xom.
 39445 | D:14     | Received a gift from Nemelex Xobeh
 39604 | D:14     | Found a gate to the Vaults.
 39622 | D:14     | Received a gift from Nemelex Xobeh
 39710 | D:14     | Hit by a large rock thrown by a cyclops

Vault maps used:
D:1:      kilobyte_arrival_exit_the_forest, nemelex_altar_shiori
D:2:      serial_co_window_serial, co_window_corner_a, co_window_paths_b,
          co_window_corner_a, co_window_paths_a, co_window_paths_a,
          co_window_broadway_a, co_window_unsneaky_path_a, co_window_paths_c,
          co_window_paths_d, glass_columns_a, glass_columns_a, glass_columns_a,
          glass_columns_a, st_stairs_9
D:3:      ecumenical_altar_2
D:4:      nicolae_dithmenos_through_a_glass_darkly,
          minmay_temple_entry_enclosed_plants, serial_shops, shop,
          nicolae_shop_competitors_out_of_business
D:5:      kennysheep_big_flooded_room, lemuel_crystal_altar,
          gup_sewer_entry_pipe, first_bread, minivault_26, due_unseen_surprise
D:6:      good_gods_mini_temple, serial_shops, shop_statue
D:8:      david_lair_shrubbed
D:9:      nicolae_overflow_hidden_temple, david_nohive_1, due_unseen_surprise
D:10:     minmay_orc_entry_temple_small
D:11:     serial_bayou_ford_a
D:12:     serial_shops, nicolae_shop_trees, basic_altar, amalloy_card_club,
          uniq_fannar, uniq_erolcha, uniq_urug
D:13:     basic_altar, introduction_to_nature_2, uniq_maud
D:14:     minmay_connected_boxes_in_corner, erik_vaults_1
Temple:   circular_temple_12
Lair:1:   lemuel_ratsnest, serial_bayou_shore_b, infiniplex_staircase_pool,
          uniq_harold
Lair:2:   forest_paths
Lair:3:   mu_elephants_graveyard, minmay_snake_entry_guardpost_small,
          enter_volcano_3, st_stairs_3, grunt_megastairs_5, serial_bayou_shore_b
Lair:4:   minmay_swamp_entry_worms
Lair:5:   lemuel_slime, nicolae_quartered_pool_little
Lair:6:   slime_altar_1, serial_bayou_shore_b
Lair:7:   gammafunk_lair_bear_cave
Lair:8:   grunt_lair_end_beastmaster
Orc:1:    basic_altar
Orc:2:    grunt_orc_gardens, grunt_orc_garden, grunt_orc_garden,
          grunt_orc_garden, grunt_orc_garden
Sewer:    sewer_minmay_w
Volcano:  volcano_overflow

Action                   |  1- 3 |  4- 6 |  7- 9 | 10-12 | 13-15 | 16-18 || total
-------------------------+-------+-------+-------+-------+-------+-------++-------
Melee: Whip              |     6 |     4 |   157 |     1 |       |       ||   168
       Short sword       |     5 |   110 |   303 |     2 |       |       ||   420
       Morningstar       |       |       |    37 |  1027 |  1131 |   381 ||  2576
Throw: Stone             |     1 |     1 |     1 |     7 |     9 |       ||    19
       Throwing net      |       |       |       |       |     1 |       ||     1
 Cast: Magic Dart        |    48 |    48 |    75 |    42 |    23 |     4 ||   240
       Call Imp          |     9 |    11 |    25 |    20 |     1 |       ||    66
       Mephitic Cloud    |       |       |    28 |   124 |   144 |    16 ||   312
       Repel Missiles    |       |       |     1 |     1 |     1 |       ||     3
       Ignite Poison     |       |       |       |     7 |    59 |    12 ||    78
       Iskenderun's Myst |       |       |       |     3 |     2 |       ||     5
 Abil: Spit Poison       |     8 |    13 |     4 |     1 |       |       ||    26
Evoke: Deck              |     1 |     1 |    12 |    13 |    24 |     7 ||    58
       Wand              |       |     3 |     8 |    17 |     3 |       ||    31
       Phial of floods   |       |       |       |     1 |     3 |       ||     4
       Sack of spiders   |       |       |       |       |     2 |       ||     2
       Rod               |       |       |       |       |     1 |       ||     1
  Use: Scroll            |     2 |    11 |     5 |    10 |    18 |     5 ||    51
       Potion            |       |     1 |     1 |     9 |     9 |     3 ||    23
 Stab: Sleeping          |     4 |     2 |     5 |     3 |     5 |     3 ||    22
       Confused          |       |     1 |    13 |    60 |    42 |     3 ||   119
       Invisible         |       |       |     2 |       |       |       ||     2
       Distracted        |       |       |       |     4 |       |       ||     4
       Paralysed         |       |       |       |       |     6 |       ||     6
  Eat: Chunk             |     2 |     8 |    13 |    28 |    56 |    16 ||   123
       Pizza             |       |       |     4 |       |     2 |       ||     6
       Bread ration      |       |       |       |     4 |       |       ||     4
       Beef jerky        |       |       |       |     2 |     2 |       ||     4
       Royal jelly       |       |       |       |       |     1 |       ||     1
